 Dungeon Crawl Stone Soup version 0.31.0-1-g2c135a0 (webtiles) character file.

Game seed: 9860559052110972845

6141 panskim the Fighter (level 10, 0/83 HPs)
             Began as a Mummy Fighter on Apr 3, 2024.
             Was an Initiate of Gozag.
             Slain by a howler monkey (6 damage)
             ... on level 8 of the Dungeon.
             The game lasted 00:23:56 (9207 turns).

panskim the Fighter (Mummy Fighter)                 Turns: 9207, Time: 00:23:57

Health: 0/83       AC: 25    Str: 24    XL:     10   Next: 59%
Magic:  10/10      EV:  6    Int:  8    God:    Gozag
Gold:   346        SH: 11    Dex: 11    Spells: 9/9 levels left

rFire   . . .        A - +3 scimitar (speed)
rCold   + . .        a - +1 buckler {reflect}
rNeg    + + +        f - +0 plate armour
rPois   ∞            w - +0 helmet
rElec   .            l - +0 cloak
rCorr   .            y - +2 pair of gloves {hurl}
SInv    .            e - +1 pair of boots
Will    +....        m - amulet of reflection Stlth
                     B - +4 ring of protection
HPRegen 0.33/turn    d - ring of Cesofule {+Blink rF+}
MPRegen 0.12/turn

%: reflection, faith
@: gold aura
A: cold resistance 1, negative energy resistance 3, torment resistance 2, heat
vulnerability 1, in touch with death 1, no potions, faith
a: Renounce Religion, Evoke Blink, Potion Petition, Call Merchant, Bribe Branch


You were on level 8 of the Dungeon.
You worshipped Gozag.
Gozag was aware of your devotion.
You visited 1 branch of the dungeon, and saw 9 of its levels.
You also visited: Ossuary.

You collected 1565 gold pieces.
You spent 562 gold pieces at shops.
You paid 657 gold pieces to Gozag.

Inventory:

Hand Weapons
 j - the +7 spear of Disaster {flame, Will+ Int+3}
   (You found it on level 4 of the Dungeon)

   Int+3:     It affects your intelligence (+3).
   Will+:     It increases your willpower.
 k - a +2 hand axe of freezing
 o - a +1 hand axe of flaming
 t - a +0 great sword
 A - a +3 scimitar of speed (weapon)
Missiles
 g - 3 throwing nets (quivered)
Armour
 a - a +1 buckler of reflection (worn)
 e - a +1 pair of boots (worn)
 f - a +0 plate armour (worn)
 l - a +0 cloak (worn)
 w - a +0 helmet (worn)
 y - a +2 pair of gloves of hurling (worn)
Jewellery
 d - the ring of Cesofule (right hand) {+Blink rF+}
   (You acquired it on level 2 of the Dungeon)

   [ring of protection from fire]

   rF+:       It protects you from fire.
   +Blink:    It lets you blink.
 h - a ring of willpower
 m - an amulet of reflection (around neck)
 s - the ring of the Hippogriff {Will+ rCorr}
   (You found it on level 6 of the Dungeon)

   [ring of resist corrosion]

   Will+:     It increases your willpower.
   rCorr:     It protects you from acid and corrosion.
 u - a ring of fire
 x - a ring of willpower
 B - a +4 ring of protection (left hand)
Wands
 b - a wand of digging (4)
 c - a wand of charming (5)
 i - a wand of roots (7)
 n - a wand of acid (3)
Scrolls
 p - 3 scrolls of revelation
 q - 2 scrolls of summoning
 r - a scroll of silence
 v - 2 scrolls of identify
 z - a scroll of fear


   Skills:
 - Level 9.0 Fighting
 + Level 7.0 Long Blades
 - Level 7.0 Armour
 - Level 7.0 Shields


You had 9 spell levels left.
You didn't know any spells.
Your spell library contained the following spells:

 Spells                   Type           Power      Damage    Failure   Level
 Ensorcelled Hibernation  Hex/Ice        0%         N/A       100%        2
 Lesser Beckoning         Tloc           0%         N/A       100%        2
 Scorch                   Fire           0%         2d5       100%        2
 Call Canine Familiar     Summ           0%         N/A       100%        3
 Fugue of the Fallen      Necr           0%         N/A       100%        3
 Gell's Gravitas          Tloc           0%         N/A       100%        3
 Sigil of Binding         Hex            0%         N/A       100%        3
 Teleport Other           Tloc           0%         N/A       100%        3
 Anguish                  Hex/Necr       0%         N/A       100%        4
 Dimensional Bullseye     Hex/Tloc       0%         N/A       100%        4
 Flame Wave               Conj/Fire      0%         2d4       100%        4
 Summon Cactus Giant      Summ           0%         N/A       100%        6


Dungeon Overview and Level Annotations

Branches:
Dungeon (9/15)             Temple (0/1) D:5         Ossuary (visited)
   Lair: D:8-11         Orc: D:9-12

Altars:
Ashenzari
Cheibriados
Gozag
Hepliaklqana
Makhleb
Nemelex Xobeh
Okawaru
Qazlal
Ru
Trog
Wu Jian

Shops:
D:2 =   D:6 [   D:7 [   D:8 *


Innate Abilities, Weirdness & Mutations

You are immune to poison.
Your flesh is cold resistant. (rC+)
You are immune to negative energy. (rN+++)
You are immune to unholy pain and torment.
You are vulnerable to heat. (rF-)
You are in touch with the powers of death.
You do not drink.
You have a special connection with the divine. (Faith)


Message History

You closely miss the two-headed ogre.
The two-headed ogre is almost dead.
The howler monkey barely misses you.
The two-headed ogre hits you with a +0 giant club!!
* * * LOW HITPOINT WARNING * * *
The two-headed ogre barely misses you.
You slash the two-headed ogre!
You kill the two-headed ogre!
You block the howler monkey's attack.
Your Long Blades skill increases to level 7!
You completely miss the howler monkey.
The howler monkey hits you but does no damage.
You closely miss the howler monkey. The howler monkey closely misses you.
You closely miss the howler monkey. The howler monkey hits you.
* * * LOW HITPOINT WARNING * * *
You hit the howler monkey but do no damage.
You block the howler monkey's attack.
You hit the howler monkey.
The howler monkey is moderately wounded.
The howler monkey hoots and howls with incredible vigour!
You closely miss the howler monkey.
The howler monkey is moderately wounded.
You slash the howler monkey!
The howler monkey is almost dead.
The howler monkey hits you.
* * * LOW HITPOINT WARNING * * *
You barely miss the howler monkey.
The howler monkey is almost dead.
The howler monkey hits you but does no damage.
You barely miss the howler monkey.
The howler monkey is almost dead.
The howler monkey hoots and howls with incredible vigour!
You closely miss the howler monkey.
The howler monkey is almost dead.
The howler monkey hits you but does no damage.
You barely miss the howler monkey.
The howler monkey is almost dead.
The howler monkey hits you.
You die...
Your body crumbles into a pile of gold.

#.<.# ##### ##...# #...#
##...# #..## .....# ##..#
##...###...# #...#...#.#
#...#.###.############
#...#.###.....##h....##
###...##.......@......##
##..(.........$......#
###.........[...)......#
##....#.......[.........#
...##................[..#
......##................#
.####...................#
## #.###..............##
###.# ##.....##.....##


You could see a howler monkey (catching breath).

Vanquished Creatures
  A two-headed ogre (D:8)
  Pikel (D:4)
  Maurice (D:7)
  Joseph (D:7)
  A hornet (D:7)
  A wraith (D:7)
  4 yaks
  Eustachio (D:3)
  A water moccasin (D:5)
  3 black bears
  2 orc warriors
  An ice beast (D:5)
  A sky beast (D:7)
  A phantom (D:6)
  2 ogres
  An elf zombie (Ossuary)
  2 bullfrogs
  A kobold brigand (D:8)
  2 scorpions (D:5)
  12 wights
  A howler monkey (D:6)
  2 centaur zombies (Ossuary)
  3 human zombies (Ossuary)
  A hound (D:7)
  5 orc priests
  2 jellies
  2 gnoll boudas
  3 iguanas
  8 orc wizards
  8 hound zombies (Ossuary)
  3 mummies
  8 gnolls
  8 adders
  A shadow imp (D:7)
  3 adder zombies (Ossuary)
  3 dart slugs
  3 ribbon worms
  30 orcs
  3 endoplasms (D:2)
  3 giant cockroaches
  6 goblins
  6 hobgoblins
  15 kobolds
  4 quokkas
  7 ball pythons
  5 frilled lizards
  8 gnoll zombies (Ossuary)
  2 goblin zombies (D:6)
  3 jackal zombies (Ossuary)
  4 kobold zombies (Ossuary)
  5 orc zombies (Ossuary)
  2 rats (D:1)
207 creatures vanquished.

Vanquished Creatures (collateral kills)
  A kobold brigand (D:7)
  A hound (D:7)
  An iguana (D:7)
  A kobold (D:7)
4 creatures vanquished.

Grand Total: 211 creatures vanquished

Notes
Turn   | Place    | Note
-------+----------+-------------------------------------------
     0 | D:1      | panskim the Mummy Fighter began the quest for the Orb.
     0 | D:1      | Reached XP level 1. HP: 18/18 MP: 1/1
   164 | D:1      | Reached XP level 2. HP: 20/24 MP: 2/2
   706 | D:2      | Found Efeajog's Jewellery Shoppe.
   753 | D:2      | Reached XP level 3. HP: 28/30 MP: 3/3
  1045 | D:2      | Identified a scroll of acquirement
  1046 | D:2      | Acquired the ring of Cesofule {+Blink rF+}
  1521 | D:3      | Reached skill level 4 in Fighting
  1611 | D:3      | Found an opulent altar of Gozag.
  1671 | D:3      | Became a worshipper of Gozag Ym Sagoz the Greedy
  2046 | D:3      | Reached XP level 4. HP: 36/37 MP: 4/4
  2337 | D:4      | Identified the +7 spear of Disaster {flame, Will+ Int+3}
  2410 | D:4      | Noticed Eustachio
  2592 | D:3      | Killed Eustachio
  2593 | D:3      | Reached skill level 5 in Fighting
  2593 | D:3      | Reached XP level 5. HP: 42/44 MP: 5/5
  2845 | D:3      | Reached XP level 6. HP: 40/51 MP: 6/6
  3145 | D:4      | Reached skill level 6 in Fighting
  3273 | D:4      | Found a sparkling altar of Nemelex Xobeh.
  3275 | D:4      | Found a bloodstained altar of Trog.
  3288 | D:4      | Found a stormy altar of Qazlal.
  3291 | D:4      | Found a sacrificial altar of Ru.
  3303 | D:4      | Noticed an orc warrior
  3327 | D:4      | Killed an orc warrior
  3489 | D:4      | Noticed Pikel
  3509 | D:4      | Killed Pikel
  3510 | D:4      | Reached skill level 7 in Fighting
  3510 | D:4      | Reached XP level 7. HP: 49/61 MP: 7/7
  3622 | D:4      | Reached skill level 8 in Fighting
  3628 | D:4      | Reached XP level 8. HP: 68/68 MP: 8/8
  3841 | D:5      | Entered Level 5 of the Dungeon
  3848 | D:5      | Reached skill level 5 in Long Blades
  3932 | D:5      | Found a staircase to the Ecumenical Temple.
  4975 | D:6      | Found a sand-covered staircase.
  4983 | Ossuary  | Entered an ossuary
  5204 | Ossuary  | Reached XP level 9. HP: 67/74 MP: 9/9
  5472 | D:6      | Identified the ring of the Hippogriff {Will+ rCorr}
  5546 | D:6      | Found a snail-covered altar of Cheibriados.
  6145 | D:6      | Reached skill level 5 in Armour
  6145 | D:6      | Reached skill level 5 in Shields
  6576 | D:6      | Bought a +1 buckler of reflection for 202 gold pieces
  6676 | D:7      | Noticed Maurice
  6684 | D:7      | Maurice stole a ring of willpower
  6689 | D:7      | Killed Maurice
  6823 | D:7      | Noticed Joseph
  6851 | D:7      | Killed Joseph
  7040 | D:7      | Reached XP level 10. HP: 55/80 MP: 10/10
  7333 | D:7      | Found a burning altar of Makhleb.
  7963 | D:7      | Found a snail-covered altar of Cheibriados.
  7965 | D:7      | Found Cheibriados's Comfort Zone.
  8109 | D:7      | Found a broken altar of Ashenzari.
  8114 | D:7      | Found an iron altar of Okawaru.
  8117 | D:7      | Found a hazy altar of Hepliaklqana.
  8121 | D:7      | Found an ornate altar of the Wu Jian Council.
  8647 | D:8      | Identified the +1 robe of the Intense God {rC+}
  8799 | D:8      | Reached skill level 9 in Fighting
  8930 | D:8      | Found Aoti's Alliterative Armaments.
  8938 | D:8      | Bought a +2 scimitar of speed for 360 gold pieces
  9181 | D:9      | Noticed a two-headed ogre
  9196 | D:8      | Killed a two-headed ogre
  9207 | D:8      | Slain by a howler monkey

Illustrated notes

Levels and vault maps discovered:
D:1:      roderic_octagonal_star, layout_rooms, minmay_pentomino_q2
D:2:      layout_basic, serial_shops,
          nicolae_shop_temple_entry_statues_fountains, minmay_crystal_room
D:3:      layout_loops_ring, mainiacjoe_overflow_concentric_impassable
D:4:      layout_rooms, grunt_temple_overflow_open,
          chequers_serial_rivers_micro_d, uniq_eustachio, uniq_pikel
D:5:      layout_loops_corners, temple_pool_b
D:6:      layout_rooms, cheibrodos_worm_habitat, nicolae_ossuary_entry_giza,
          roderic_serpentine_path, ebering_dispersal_statue_hall
D:7:      layout_loops_ring, minitemple, mainiacjoe_overflow_alcove_4,
          grunt_decor_resistance, minmay_shop_chei, uniq_joseph, uniq_maurice
D:8:      layout_rooms, monkooky_shop_alliterative
D:9:      layout_small_grid, grunt_temple_overflow_order_and_chaos_1,
          grunt_ministairs_10, st_stairs_14,
          dilly_guarded_unrand_elemental_staff

Skill      XL: |  1  2  3  4  5  6  7  8  9 10 |
---------------+-------------------------------+-----
Long Blades    | 2 3 4 6 7 |  7.0
Fighting       | 4 5 7 8 9 |  9.0
Armour         | 4 6 7 |  7.0
Shields        | 4 6 7 |  7.0

Action                     |  1- 3 |  4- 6 |  7- 9 | 10-12 || total
---------------------------+-------+-------+-------+-------++-------
  Melee: Long sword        |   152 |    99 |       |       ||   251
         Spear             |       |    50 |   410 |   127 ||   587
         Scimitar          |       |       |       |    34 ||    34
 Invoke: Call Merchant     |       |       |     1 |       ||     1
  Evoke: Wand              |       |     3 |       |    10 ||    13
    Use: Scroll            |     7 |     1 |     2 |     1 ||    11
   Stab: Distracted        |       |     1 |     2 |       ||     3
 Armour: Scale mail        |    92 |       |       |       ||    92
         Plate armour      |    56 |   183 |   267 |   138 ||   644
  Dodge: Dodged            |    85 |    39 |    93 |    32 ||   249
  Block: Buckler           |    24 |    25 |   162 |    79 ||   290
         Reflection        |       |       |       |     5 ||     5
